 Dungeon Crawl Stone Soup version 0.20-a0-983-g35de22d (webtiles) character file.

45675 Rrauwl the Summoner (level 14, -1/110 HPs)
             Began as a Barachi Summoner on Apr 9, 2017.
             Was an Elder of Sif Muna.
             Slain by Kirke (18 damage)
             ... on level 5 of the Lair of Beasts on Apr 10, 2017.
             The game lasted 02:15:12 (19375 turns).

Rrauwl the Summoner (Barachi Summoner)             Turns: 19375, Time: 02:15:13

Health: -1/110     AC:  0    Str: 16    XL:     14   Next: 34%
Magic:  26/26      EV: 25    Int: 23    God:    Sif Muna [****..]
Gold:   1035       SH:  0    Dex: 18    Spells: 11/29 levels left

rFire    . . .     SeeInvis .   (weapon currently unavailable)
rCold    . . .     Gourm    +   (shield currently unavailable)
rNeg     . . .     Faith    .   (armour currently unavailable)
rPois    .         Spirit   .   (helmet currently unavailable)
rElec    .         Reflect  .   (cloak currently unavailable)
rCorr    .         Harm     .   (gloves currently unavailable)
MR       +....                  (boots currently unavailable)
Stlth    +++.......             L - amulet of the gourmand
Regen    0.3/turn               (ring currently unavailable)
MPRegen  0.2/turn               (ring currently unavailable)

@: mighty, agile, pig-form, barbed spikes, very slightly contaminated, slowed,
invisible
A: +LOS, swims, clever 2, mutation resistance 1, wild magic 1
a: Divine Energy, Channel Magic, Forget Spell, Renounce Religion


You were on level 5 of the Lair of Beasts.
You worshipped Sif Muna.
Sif Muna was greatly pleased with you.
You were very full.
You were a filthy swine.
You visited 3 branches of the dungeon, and saw 19 of its levels.
You also visited: Sewer.

You collected 1222 gold pieces.
You spent 187 gold pieces at shops.

Inventory:

Hand Weapons
 f - a +5 hunting sling of freezing (melded)
 m - a +3 great sword of electrocution
Missiles
 w - 6 sling bullets
Armour
 o - the +3 pair of boots of Zolih (melded) {rElec rC- Int+5 Slay+3}
   (You found it on level 3 of the Lair of Beasts)

   It affects your intelligence (+5).
   It affects your accuracy and damage with ranged weapons and melee attacks
   (+3).
   It makes you vulnerable to cold.
   It insulates you from electricity.
 r - a +1 pair of gloves (melded)
 x - a +1 buckler of protection (melded)
 C - a +2 hat (melded)
 F - +0 acid dragon scales (melded)
 I - a +1 cloak of invisibility (melded)
Jewellery
 n - an uncursed ring of positive energy
 u - a +4 ring of intelligence (melded)
 K - a ring of magical power (melded)
 L - an amulet of the gourmand (around neck)
Wands
 a - a wand of clouds (0/9)
 s - a wand of iceblast (10/15)
 t - a wand of polymorph (14/24)
 G - a wand of flame (14/48)
 N - a wand of lightning (11/15)
 Q - a wand of polymorph (9/24)
Scrolls
 b - a scroll of blinking
 e - 12 scrolls of identify
 h - 2 scrolls of magic mapping
 i - a scroll of amnesia
 v - 8 scrolls of teleportation
 y - a scroll of holy word
 B - 2 scrolls of fog
 H - 2 scrolls of remove curse
 J - a scroll of silence
 P - a scroll of fear
 T - 2 scrolls of summoning
Potions
 c - a potion of lignification
 d - 8 potions of curing
 p - 2 potions of haste
 A - 2 potions of might
 M - a potion of mutation
Books
 g - a book of Summonings

   Spells                             Type                      Level
   a - Recall                         Summoning/Translocation      3
   b - Aura of Abjuration             Summoning                    5
   c - Summon Demon                   Summoning                    5
   d - Summon Forest                  Summoning/Translocation      5
   e - Summon Mana Viper              Hexes/Summoning              5
   f - Shadow Creatures               Summoning                    6
Miscellaneous
 l - a phantom mirror
 S - a crystal ball of energy
Comestibles
 j - 16 royal jellies
 z - 3 bread rations
 D - 2 meat rations


   Skills:
 - Level 10.0 Fighting
 + Level 10.7 Slings
 - Level 8.0 Armour
 - Level 7.0 Dodging
 - Level 2.0 Stealth
 - Level 7.1 Shields
 - Level 8.0 Spellcasting
 + Level 12.3 Summonings
 + Level 5.5 Translocations
 - Level 10.0 Ice Magic
 - Level 5.0 Invocations
 + Level 5.3 Evocations


You had 11 spell levels left.
You knew the following spells:

 Your Spells              Type           Power        Failure   Level  Hunger
a - Recall                Summ/Tloc      N/A          1%          3    None
b - Aura of Abjuration    Summ           ######....   2%          5    #####..
c - Summon Ice Beast      Ice/Summ       ######..     1%          4    ###....
d - Shadow Creatures      Summ           N/A          14%         6    ######.


Dungeon Overview and Level Annotations

Branches:
Dungeon (13/15)            Temple (1/1) D:4            Lair (5/6) D:9
 Shoals (0/4) Lair:4       Spider (0/4) Lair:4        Slime (0/5) Lair:5
    Orc (0/2) D:10         Vaults (0/5) D:13

Altars:
Ashenzari
Cheibriados
Dithmenos
Elyvilon
Fedhas
Gozag
Hepliaklqana
Kikubaaqudgha
Makhleb
Nemelex Xobeh
Okawaru
Qazlal
Ru
Sif Muna
Trog
Uskayaw
Vehumet
Wu Jian
Xom
Yredelemnul
Zin
The Shining One

Shops:
D:5 [   D:6 ?   D:7 [

Annotations:
Lair:5 Kirke


Innate Abilities, Weirdness & Mutations

Shadows flee at your approach. (+LOS)
You can swim through water.
((You cover ground slowly.))
((You can hop longer distances.))
Your mind is very acute. (Int +4)
You are somewhat resistant to further mutation.
Your spells are a little harder to cast, but a little more powerful.


Message History

Something barely misses you.
You are very lightly contaminated with residual magic.
You closely miss the wolf.
The wolf is lightly wounded.
The wolf misses you.
The manticore flicks its tail.
The volley of spikes misses you.
You hear some strange, mumbled words.
You feel yourself slow down. The wolf bites you!
* * * LOW HITPOINT WARNING * * *
You feel better. The wolf completely misses you. The wolf bites you.
* * * LOW HITPOINT WARNING * * *
You hear some strange, mumbled words.
Something tries to affect you, but you resist.
The manticore closely misses you. The manticore barely misses you.
The manticore misses you.
You bite the manticore!
The manticore is moderately wounded.
The wolf closely misses you. Something hits you!!
You die...

..........#.#.###.#(P.....##.#
.........#......#......#.#####
.....................#####
..÷.....##............#
.....................(#
.....P..............((##..#.
....................(.(.....
....#...........H{.†.(......
.^..............hh..(#......
.....>..............###......
....#................# .(....
...#####.........#...# ......
#.#.# #....(.[.(...........
.#### #.#..#........... .. .#
########......##. .# #..P####
. ## #...#


You could see a manticore and a wolf.

Vanquished Creatures
  6 vault guards (D:13)
  2 hydras
  2 two-headed ogres
  6 death yaks (Lair:4)
  2 unseen horrors
  A wolf spider zombie (D:13)
  Pikel (D:8)
  2 manticores
  A merfolk siren (Lair:4)
  3 oklob plants (Lair:2)
  3 black mambas
  2 spiny frogs
  5 komodo dragons
  A troll (D:10)
  A queen bee (Lair:1)
  A jumping spider (Lair:4)
  6 hippogriffs
  17 blink frogs
  3 dream sheep (D:8)
  The ghost of tape the Stinger, an amateur OpVM (D:4)
  A meliai zombie (D:13)
  A water elemental (D:13)
  2 wyverns
  12 yaks
  4 hogs (Lair:5)
  4 basilisks
  A fire elemental (D:12)
  3 hungry ghosts
  2 wargs (D:13)
  The ghost of tape the Sneak, an amateur OpEn (D:3)
  An acid dragon (D:9)
  8 water moccasins
  6 porcupines
  A hell hound (D:9)
  Purgy (Sewer)
  5 orc warriors
  3 sky beasts
  6 ice beasts
  A black bear (D:7)
  4 slaves
  4 ogres
  A phantom (D:12)
  A wolf (Lair:5)
  8 crocodiles
  4 centaurs
  11 bullfrogs
  5 scorpions
  A wyvern skeleton (D:7)
  7 killer bees (Lair:1)
  9 wights (D:12)
  2 howler monkeys
  2 electric eels (Lair:5)
  A bullfrog zombie (D:5)
  5 crimson imps
  4 hounds
  A bullfrog skeleton (D:12)
  6 jellies
  An iguana (D:9)
  14 orc wizards
  12 worker ants
  2 worker ant zombies
  15 adders
  2 howler monkey skeletons
  3 shadow imps
  2 oozes
  An adder skeleton (D:6)
  3 worms
  2 dart slugs (D:2)
  4 leopard geckos
  32 orcs
  7 giant cockroaches
  11 goblins
  7 hobgoblins
  11 jackals
  7 kobolds
  5 quokkas
  4 ball pythons
  6 bats
  5 frilled lizards
  A jackal skeleton (D:4)
  A leopard gecko skeleton (D:3)
  A quokka skeleton (D:9)
  A quokka zombie (D:8)
  6 rats
  A plant (Lair:2)
372 creatures vanquished.

Vanquished Creatures (collateral kills)
  Gastronok (Lair:3)
  Snorg (D:12)
  2 vault guards (D:13)
  4 two-headed ogres
  Urug (Lair:3)
  An elephant (Lair:4)
  2 black mambas
  A merfolk siren (Lair:4)
  Maurice (D:10)
  Joseph (D:7)
  A gargoyle (D:12)
  A rime drake (Lair:2)
  A komodo dragon (Lair:2)
  A centaur skeleton (D:13)
  A troll (D:11)
  2 merfolk (Lair:4)
  Prince Ribbit (D:8)
  2 hippogriffs
  2 slime creatures (D:12)
  7 blink frogs
  A spriggan (D:7)
  18 yaks
  2 hogs (Lair:5)
  Menkaure (D:7)
  2 wargs (D:13)
  4 water moccasins
  3 porcupines (Lair:1)
  A hell hound (D:9)
  An ice beast (D:13)
  A phantom (D:11)
  An eye of draining (D:13)
  3 orc warriors (D:13)
  2 sky beasts
  A hornet zombie (D:13)
  A wolf (Lair:5)
  2 crocodiles
  2 bullfrogs
  An earth elemental (D:12)
  11 killer bees
  3 wights (D:12)
  A howler monkey (D:13)
  2 crimson imps
  2 quasits
  2 orc priests (D:9)
  An orc wizard (D:13)
  An adder (D:9)
  7 orcs
111 creatures vanquished.

Vanquished Creatures (others)
  2 dream sheep (D:8)
  A water elemental (D:12)
  An air elemental (D:12)
  2 howler monkeys (D:8)
  6 fungi
  3 plants
15 creatures vanquished.

Grand Total: 498 creatures vanquished

Notes
Turn   | Place    | Note
-------+----------+-------------------------------------------
     0 | D:1      | Rrauwl the Barachi Summoner began the quest for the Orb.
     0 | D:1      | Reached XP level 1. HP: 13/13 MP: 3/3
   334 | D:1      | Reached skill level 5 in Summonings
   393 | D:1      | Reached XP level 2. HP: 19/19 MP: 5/5
   513 | D:1      | Reached skill level 1 in Slings
   553 | D:1      | Reached skill level 1 in Armour
   656 | D:1      | Gained mutation: Your spells are a little harder to cast, but a little more powerful. [potion of mutation]
   656 | D:1      | Gained mutation: Your mind is acute. (Int +2) [potion of mutation]
  1000 | D:2      | Reached skill level 1 in Fighting
  1000 | D:2      | Reached XP level 3. HP: 24/26 MP: 6/6
  1168 | D:2      | Reached XP level 4. HP: 33/33 MP: 7/7
  1234 | D:2      | Learned a level 4 spell: Summon Ice Beast
  1684 | D:3      | Reached XP level 5. HP: 38/39 MP: 8/8
  1767 | D:3      | Noticed tape's ghost (amateur OpEn)
  1775 | D:3      | Killed tape's ghost
  1775 | D:3      | Reached XP level 6. HP: 46/47 MP: 9/9
  2074 | D:3      | Found a faded altar of an unknown god.
  2540 | D:4      | Noticed tape's ghost (amateur OpVM)
  2554 | D:4      | Killed tape's ghost
  2554 | D:4      | Reached XP level 7. HP: 19/54 MP: 10/10
  2981 | D:4      | Found a staircase to the Ecumenical Temple.
  2989 | Temple   | Entered the Ecumenical Temple
  3008 | Temple   | Became a worshipper of Sif Muna the Loreminder
  3475 | D:5      | Entered Level 5 of the Dungeon
  3558 | D:5      | Reached skill level 5 in Armour
  3643 | D:5      | Reached XP level 8. HP: 50/61 MP: 11/11
  3848 | D:5      | Reached skill level 1 in Ice Magic
  3965 | D:5      | Reached skill level 5 in Fighting
  3979 | D:5      | Found Reakepil's Antique Armour Shop.
  3982 | D:5      | Bought a shiny buckler for 172 gold pieces
  4369 | D:6      | Found a glowing drain.
  4377 | Sewer    | Entered a sewer
  4423 | Sewer    | Noticed Purgy
  4443 | Sewer    | Killed Purgy
  4662 | D:6      | Reached skill level 1 in Shields
  4690 | D:6      | Reached skill level 1 in Evocations
  4760 | D:6      | Reached skill level 6 in Summonings
  4796 | D:6      | Reached skill level 5 in Slings
  4961 | D:6      | Reached skill level 5 in Dodging
  5039 | D:6      | Found Adghausch's Magic Scroll Boutique.
  5048 | D:6      | Bought a scroll of random uselessness for 15 gold pieces
  5116 | D:7      | Noticed Menkaure
  5134 | D:7      | Found Oziuxa's Armour Shoppe.
  5149 | D:7      | Reached XP level 9. HP: 59/68 MP: 14/14
  5275 | D:6      | Reached * piety under Sif Muna
  5503 | D:7      | Killed Menkaure
  5624 | D:7      | Noticed Joseph
  5661 | D:7      | Killed Joseph
  5661 | D:7      | Reached skill level 7 in Summonings
  6213 | D:7      | Reached skill level 5 in Ice Magic
  6218 | D:7      | Gained mutation: You are somewhat resistant to further mutation. [mutagenic meat]
  6219 | D:7      | Gained mutation: Your mind is very acute. (Int +4) [mutagenic meat]
  6629 | D:8      | Reached skill level 5 in Spellcasting
  6630 | D:8      | Noticed Pikel
  6722 | D:8      | Noticed a two-headed ogre
  6737 | D:8      | Killed a two-headed ogre
  6737 | D:8      | Reached XP level 10. HP: 54/74 MP: 12/18
  6919 | D:8      | Killed Pikel
  6919 | D:8      | Reached ** piety under Sif Muna
  6919 | D:8      | Reached skill level 5 in Shields
  6919 | D:8      | Reached skill level 8 in Summonings
  6974 | D:8      | Noticed Prince Ribbit
  6992 | D:8      | Killed Prince Ribbit
  7024 | D:8      | Found a sacrificial altar of Ru.
  7125 | D:8      | Found a shimmering altar of Xom.
  7126 | D:8      | Noticed a two-headed ogre
  7145 | D:8      | Killed a two-headed ogre
  7807 | D:9      | Found a staircase to the Lair.
  8093 | D:9      | Reached skill level 9 in Summonings
  8096 | D:9      | Reached XP level 11. HP: 48/79 MP: 19/21
  8163 | D:9      | Noticed a manticore
  8167 | D:9      | Reached *** piety under Sif Muna
  8189 | D:9      | Killed a manticore
  8359 | D:9      | Upgraded the game from 0.20-a0-972-gb9bd3e6 to 0.20-a0-983-g35de22d
  8969 | D:10     | Entered Level 10 of the Dungeon
  8969 | D:10     | Found a staircase to the Orcish Mines.
  9573 | D:10     | Reached skill level 1 in Invocations
  9691 | D:10     | Noticed Maurice
  9701 | D:10     | Killed Maurice
 10593 | D:11     | Noticed a two-headed ogre
 10609 | D:11     | Killed a two-headed ogre
 11063 | D:12     | Noticed Snorg
 11084 | D:12     | Killed Snorg
 11133 | D:12     | Noticed a two-headed ogre
 11142 | D:12     | Killed a two-headed ogre
 11146 | D:12     | Killed an unseen horror
 11658 | D:12     | Found a large runed door.
 11658 | D:12     | Found a large runed door.
 11681 | D:12     | Reached skill level 10 in Summonings
 12068 | D:12     | HP: 1/82 [very large slime creature (56)]
 12076 | D:12     | Reached **** piety under Sif Muna
 12076 | D:12     | Reached XP level 12. HP: 20/89 MP: 16/22
 12432 | D:13     | Found a gate to the Vaults.
 12432 | D:13     | Noticed a vault guard
 12432 | D:13     | Noticed a vault guard
 12432 | D:13     | Noticed a vault guard
 12432 | D:13     | Noticed a vault guard
 12432 | D:13     | Noticed a vault guard
 12433 | D:13     | Noticed a vault guard
 12433 | D:13     | Noticed a vault guard
 12455 | D:13     | Killed a vault guard
 12458 | D:13     | Killed a vault guard
 12465 | D:13     | Killed a vault guard
 12466 | D:13     | Killed a vault guard
 12471 | D:13     | Killed a vault guard
 12472 | D:13     | Killed a vault guard
 12483 | D:13     | Killed a vault guard
 13022 | D:13     | Noticed a vault guard
 13107 | D:13     | Killed a vault guard
 13294 | D:13     | Noticed a two-headed ogre
 13315 | D:13     | Killed a two-headed ogre
 13383 | D:13     | Reached skill level 5 in Evocations
 13514 | D:13     | Noticed a two-headed ogre
 13522 | D:13     | Killed a two-headed ogre
 13690 | D:13     | Gained mutation: You can hop longer distances. [Barachi growth]
 13690 | D:13     | Reached XP level 13. HP: 88/98 MP: 23/23
 14021 | Lair:1   | Entered Level 1 of the Lair of Beasts
 14341 | Lair:1   | Reached ***** piety under Sif Muna
 14360 | Lair:1   | Reached skill level 11 in Summonings
 15125 | Lair:1   | Received a gift from Sif Muna
 15134 | Lair:1   | Learned a level 6 spell: Shadow Creatures
 15138 | Lair:1   | Learned a level 3 spell: Recall
 15144 | Lair:1   | Learned a level 5 spell: Aura of Abjuration
 15613 | Lair:2   | Reached skill level 1 in Translocations
 15794 | Lair:2   | Reached skill level 5 in Invocations
 15918 | Lair:2   | Reached skill level 10 in Ice Magic
 16269 | Lair:3   | Got a pair of jewelled boots
 16275 | Lair:3   | Identified the +3 pair of boots of Zolih {rElec rC- Int+5 Slay+3} (You found it on level 3 of the Lair of Beasts)
 16355 | Lair:3   | Noticed Gastronok
 16369 | Lair:3   | Killed Gastronok
 16369 | Lair:3   | Reached skill level 10 in Slings
 16767 | Lair:3   | Noticed Urug
 16781 | Lair:3   | Killed Urug
 17283 | Lair:4   | Found a staircase to the Shoals.
 17410 | Lair:4   | Found a hole to the Spider Nest.
 17878 | Lair:4   | Reached XP level 14. HP: 108/108 MP: 26/26
 18343 | Lair:4   | Reached skill level 12 in Summonings
 18348 | Lair:4   | Reached skill level 5 in Translocations
 18633 | Lair:5   | Reached skill level 10 in Fighting
 18649 | Lair:5   | Found a staircase to the Slime Pits.
 19166 | Lair:5   | Found a blossoming altar of Fedhas.
 19309 | Lair:5   | Noticed Kirke
 19375 | Lair:5   | Slain by Kirke

Vault maps used:
D:1:      lightli_molten_gateway
D:3:      chequers_ecumenical_altar_simple_redux
D:4:      temple_fountains
D:5:      first_bread, serial_shops, kennysheep_mini_moat, enter_ossuary_1,
          kennysheep_boxes
D:6:      lightli_sewer_entry_pipes, serial_shops, shop
D:7:      serial_shops, shop, the_bakery, uniq_joseph, uniq_menkaure
D:8:      lemuel_round_altar, kb_xom_exploding_sheep, uniq_prince_ribbit1,
          uniq_pikel
D:9:      minmay_lair_entry_lava
D:10:     orc_0_dummy, uniq_maurice
D:12:     lightli_elemental_guards, uniq_snorg
D:13:     erik_vaults_2, nooodl_orcs_dogs
Temple:   minmay_crystal_snake_temple
Lair:1:   special_room, lemuel_fruit_tree
Lair:2:   minmay_lair_oklob_chamber
Lair:3:   uniq_gastronok, uniq_urug
Lair:4:   elwin_shoals_entry_stream, spider_nest_entry_rubble
Lair:5:   nicolae_slime_entry_slimehenge, basic_altar, serial_bayou_shore_a,
          uniq_kirke
Sewer:    sewer_co_purgy_island

Skill      XL: |  1  2  3  4  5  6  7  8  9 10 11 12 13 14 |
---------------+-------------------------------------------+-----
Summonings     | 5 6 7 9 10 11 12 | 12.3
Stealth        | 2 |  2.0
Slings         | 1 2 3 4 5 6 7 8 9 10 | 10.7
Armour         | 1 2 3 4 5 6 7 8 |  8.0
Fighting       | 1 2 3 4 5 6 7 9 10 | 10.0
Dodging        | 3 4 5 7 |  7.0
Ice Magic      | 3 5 7 8 9 10 | 10.0
Spellcasting   | 3 5 6 7 8 |  8.0
Shields        | 2 4 5 6 7 |  7.1
Evocations     | 2 3 5 |  5.3
Invocations    | 2 4 5 |  5.0
Translocations | 4 5 |  5.5

Action                   |  1- 3 |  4- 6 |  7- 9 | 10-12 | 13-15 || total
-------------------------+-------+-------+-------+-------+-------++-------
Melee: Unarmed           |     2 |       |       |       |    17 ||    19
       Hunting sling     |       |       |     5 |       |     1 ||     6
 Fire: Hunting sling     |    89 |   156 |   429 |   858 |   637 ||  2169
 Cast: Summon Small Mamm |     1 |       |       |       |       ||     1
       Summon Ice Beast  |       |       |     9 |    65 |    51 ||   125
       Shadow Creatures  |       |       |       |       |     8 ||     8
 Abil: Hop               |       |       |     2 |    10 |     5 ||    17
Evoke: Wand              |       |       |     6 |    12 |     4 ||    22
  Use: Scroll            |     2 |     6 |     6 |    15 |     8 ||    37
       Potion            |     1 |     8 |     2 |     2 |     7 ||    20
  Eat: Chunk             |     1 |     5 |    15 |    20 |    29 ||    70
       Fruit             |       |       |     3 |     4 |     6 ||    13
       Royal jelly       |       |       |       |     2 |       ||     2
       Bread ration      |       |       |       |       |     1 ||     1
Armor: Robe              |     1 |     8 |    51 |    12 |       ||    72
       Acid dragon scale |       |       |       |   112 |    61 ||   173
Dodge: Dodged            |    15 |    34 |    79 |   177 |   113 ||   418
Block: Buckler           |       |       |    19 |    85 |    53 ||   157
